 Dungeon Crawl Stone Soup version 0.24.0-123-gd5b16e6ec5 (webtiles) character file.

Game seed: 7950337900431183488, levelgen mode: deterministic

165940 Elellon the Executioner (level 17, -1/168 HPs)
             Began as a Hill Orc Fighter on Jan 12, 2020.
             Was the Champion of Okawaru.
             Succumbed to Aizul's bolt of poison
             ... on level 3 of the Shoals.
             The game lasted 01:23:03 (30766 turns).

Elellon the Executioner (Hill Orc Fighter)         Turns: 30766, Time: 01:23:04

Health: -1/168     AC: 28    Str: 33    XL:     17   Next: 89%
Magic:  17/17      EV:  7    Int:  8    God:    Okawaru [******]
Gold:   2595       SH: 24    Dex: 14    Spells: 16/16 levels left

rFire    + . .     SeeInvis +   a - +7 broad axe (flame)
rCold    + . .     Gourm    .   N - +1 large shield {AC+3}
rNeg     . . .     Faith    .   v - +8 chain mail of Kugoel {MR+}
rPois    .         Spirit   .   I - +0 helmet {SInv}
rElec    .         Reflect  .   D - scarf {rC+ rF+}
rCorr    .         Harm     .   n - +0 pair of gloves
MR       ++...                  (no boots)
Stlth    ..........             (no amulet)
HPRegen  0.38/turn              J - ring of flight
MPRegen  0.15/turn              O - ring of the Secret Princes {Str+5 Dex+4 SInv}

@: lethally poisoned (-1 -> -24), flying, glowing
A: strong 1
a: Heroism, Finesse, Renounce Religion, Stop Flying


You were on level 3 of the Shoals.
You worshipped Okawaru.
Okawaru was exalted by your worship.
You were not hungry.

You visited 5 branches of the dungeon, and saw 29 of its levels.
You visited the Abyss 1 time.
You also visited: Volcano.

You collected 3087 gold pieces.
You spent 492 gold pieces at shops.

Inventory:

Hand Weapons
 a - a +7 broad axe of flaming (weapon)
 h - the +2 hand axe of the Puffball {vamp, MR+}
   (Okawaru gifted it to you on level 3 of the Lair of Beasts)

   It inflicts no extra harm, but heals its wielder when it wounds a living foe.
   It affects your resistance to hostile enchantments.
Missiles
 i - 92 poisoned darts (quivered)
Armour
 n - a +0 pair of gloves (worn)
 v - the +8 chain mail of Kugoel (worn) {MR+}
   (You found it on level 4 of the Dungeon)

   It affects your resistance to hostile enchantments.
 D - a scarf of resistance (worn)
 I - a +0 helmet of see invisible (worn)
 N - a +1 large shield of protection (worn)
Jewellery
 z - an uncursed ring of positive energy
 G - an uncursed amulet of guardian spirit {unknown}
 J - a ring of flight (left hand)
 K - a +2 ring of slaying
 O - the ring of the Secret Princes (right hand) {Str+5 Dex+4 SInv}
   (You found it on level 14 of the Dungeon)

   [ring of strength]

   It affects your strength (+5).
   It affects your dexterity (+4).
   It lets you see invisible.
Wands
 x - a wand of iceblast (26)
 y - a wand of flame (98)
 A - a wand of disintegration (16)
 B - a wand of digging (9)
 L - a wand of acid (15)
 Q - a wand of polymorph (7)
 V - a wand of random effects (51)
Scrolls
 e - 5 scrolls of enchant armour
 k - 5 scrolls of enchant weapon
 l - 6 scrolls of amnesia
 o - 4 scrolls of fog
 s - 10 scrolls of teleportation
 u - 13 scrolls of remove curse
 w - 5 scrolls of blinking
 E - 7 scrolls of identify
 F - 4 scrolls of magic mapping
 P - a scroll of summoning {unknown}
 R - 3 scrolls of fear
 S - a scroll of random uselessness {unknown}
 T - 3 scrolls of holy word {unknown}
 U - 3 scrolls of acquirement
 W - a scroll of vulnerability {unknown}
Potions
 b - 3 potions of agility
 c - 2 potions of brilliance
 d - 8 potions of might
 g - 11 potions of curing
 j - a potion of mutation {unknown}
 m - 4 potions of lignification
 p - 4 potions of haste
 r - 6 potions of invisibility
 t - 5 potions of heal wounds
 C - 3 potions of flight
 H - 2 potions of resistance
 M - a potion of ambrosia
 Y - 2 potions of cancellation
 Z - 2 potions of berserk rage
Comestibles
 f - 58 rations
 q - a chunk of flesh


   Skills:
 + Level 19.4 Fighting
 + Level 21.1(21.3) Axes
   Level 4.7(13.2) Maces & Flails
 + Level 16.1 Armour
 + Level 16.2 Shields


You had 16 spell levels left.
You didn't know any spells.
Your spell library contained the following spells:

 Spells                   Type           Power        Failure   Level  Hunger
 Shock                    Conj/Air       #...         98%         1    ##.....
 Summon Butterflies       Summ           #.......     98%         1    ##.....
 Summon Small Mammal      Summ           #...         98%         1    ##.....
 Call Imp                 Summ           #.......     99%         2    ###....
 Corpse Rot               Necr           N/A          99%         2    ###....
 Sublimation of Blood     Necr           #.........   99%         2    ###....
 Swiftness                Chrm/Air       #.......     99%         2    ###....
 Call Canine Familiar     Summ           #.......     100%        3    ####...
 Ignite Poison            Fire/Tmut/Pois #.......     100%        3    ####...
 Recall                   Summ/Tloc      N/A          100%        3    ####...
 Static Discharge         Conj/Air       #.......     100%        3    ####...
 Summon Guardian Golem    Hex/Summ       #.......     100%        3    ####...
 Airstrike                Air            #.........   100%        4    #####..
 Animate Dead             Necr           N/A          100%        4    #####..
 Summon Ice Beast         Ice/Summ       #.......     100%        4    #####..
 Summon Lightning Spire   Summ/Air       #.......     100%        4    #####..
 Agony                    Necr           #.......     100%        5    ######.
 Bolt of Draining         Conj/Necr      #.........   100%        5    ######.
 Borgnjor's Vile Clutch   Necr/Erth      #.........   100%        5    ######.
 Dispel Undead            Necr           #.......     100%        5    ######.
 Excruciating Wounds      Chrm/Necr      #.........   100%        5    ######.
 Fireball                 Conj/Fire      #.........   100%        5    ######.
 Irradiate                Conj/Tmut      #.........   100%        5    ######.
 Lightning Bolt           Conj/Air       #.........   100%        5    ######.
 Summon Mana Viper        Hex/Summ       #.......     100%        5    ######.
 Bolt of Fire             Conj/Fire      #.........   100%        6    #######
 Death Channel            Necr           #.........   100%        6    #######
 Hydra Form               Tmut           #.........   100%        6    #######
 Simulacrum               Ice/Necr       #.........   100%        6    #######
 Statue Form              Tmut/Erth      #........    100%        6    #######
 Dragon Form              Tmut           #.........   100%        7    #######
 Ring of Flames           Chrm/Fire      #.........   100%        7    #######
 Summon Hydra             Summ           #.........   100%        7    #######
 Ignition                 Fire           #.........   100%        8    #######


Dungeon Overview and Level Annotations

Branches:
Dungeon (15/15)            Temple (0/1) D:4            Lair (6/6) D:9
 Shoals (4/4) Lair:3       Spider (0/4) Lair:3        Slime (0/5) Lair:6
    Orc (2/2) D:12            Elf (2/3) Orc:2        Vaults (0/5) D:13
 Depths (0/5) D:15        Volcano (visited)

Altars:
Cheibriados
Dithmenos
Fedhas
Makhleb
Okawaru
Qazlal
Sif Muna
Uskayaw
Vehumet
Zin
The Shining One
Beogh
Jiyva

Shops:
D:5 ?   D:15 *   Orc:2 [:(*   Elf:2 =   Shoals:1 *

Annotations:
Lair:3 exclusion: 2 oklob plants
Lair:4 exclusion: oklob plant
Lair:6 2 runed translucent doors
Shoals:4 Aizul


Innate Abilities, Weirdness & Mutations

Your muscles are strong. (Str +2)


Message History

You feel better.
The faun shoots a stone.
You block the stone.
You hear a splash.
Aizul casts a spell at you. The bolt of poison hits you!
You are poisoned.
* * * LOW HITPOINT WARNING * * *
The faun points at you and mumbles some strange words.
You are outlined in light.
You feel sick.
The faun shoots a stone.
You block the stone.
There is a stone staircase leading up here.
You see here a stone.
You feel sick.
Aizul says, "They said they'd gotten someone better!"
Aizul casts a spell at you. The bolt of poison hits you!
You are lethally poisoned!
* * * LOW HITPOINT WARNING * * *
The faun shoots a stone.
You block the stone.
You fly upwards.
You die...

...P≈≈≈≈≈..##≈≈≈≈≈≈≈(≈≈.≈≈≈≈≈≈≈≈≈
###.≈≈≈≈≈.##.≈......(.(..≈≈≈≈≈≈≈≈
# #.P≈≈≈≈.......##....#..≈≈≈≈≈≈≈≈
#P≈≈≈≈≈.......##...###..≈≈≈≈≈≈≈
##≈≈≈≈.≈....≈≈.)...###.P.≈≈≈≈≈≈≈
##PP≈≈.......≈...≈..##.P..≈≈≈≈≈≈≈
.≈≈P...#.........≈..###...≈≈P≈≈≈≈
≈≈≈....##..........####P.≈≈≈≈≈≈≈≈
≈≈≈≈..###....≈≈.@.###.PP≈..≈≈≈≈≈≈
P≈≈≈≈...≈.≈≈≈≈≈≈..###.≈PPP.≈≈≈≈≈≈
≈≈≈≈≈≈..≈..≈≈≈≈≈≈..P≈≈≈≈≈≈≈≈≈.≈≈≈
≈≈≈≈≈.≈.≈≈≈≈≈≈≈≈≈..PPP≈≈≈≈P≈..≈≈≈
≈≈≈....≈≈≈≈≈≈≈≈≈≈≈..≈PP≈≈≈≈≈...≈≈
≈≈<..(≈≈≈≈≈≈≈≈≈≈≈≈≈≈PPP≈P≈≈≈≈≈≈≈≈
≈≈....≈≈≈≈≈≈≈≈≈≈≈≈≈≈≈...≈≈≈≈≈≈≈≈.
≈≈...≈≈≈≈.≈≈≈≈≈≈≈≈≈≈≈...≈≈≈≈≈≈≈≈≈
≈≈≈≈≈≈≈..≈≈≈≈..≈.≈≈≈≈.##≈≈≈≈≈≈≈≈≈


There were no monsters in sight!

Vanquished Creatures
  A tentacled starspawn (Abyss:2)
  The ghost of Yramykigh the Severer, a journeyman HOFi of Okawaru (Shoals:2)
  An orc warlord (Orc:2)
  A deep elf sorcerer (Elf:1)
  A frost giant (D:14)
  A very ugly thing (Abyss:2)
  A deep elf demonologist (Elf:1)
  A starcursed mass (Abyss:2)
  A minotaur (Lair:2)
  A deep elf annihilator (Elf:1)
  The ghost of Loxlax the Severer, a journeyman HuFi of the Shining One (Lair:2)
  The ghost of Tecwutamp the Covert, a journeyman NaEn of Ru (Orc:1)
  An ettin (D:14)
  2 merfolk impalers
  3 yaktaur captains
  Harold (Orc:1)
  6 hydras
  A catoblepas (Lair:5)
  2 alligator snapping turtles (Shoals:3)
  4 centaur warriors
  A merfolk avatar (Shoals:3)
  25 dancing weapons
  A two-headed ogre (D:9)
  A death knight (D:15)
  A queen ant (D:11)
  2 satyrs (Shoals:3)
  A merfolk aquamancer (Shoals:3)
  An anaconda (shapeshifter) (D:13)
  4 orc high priests
  2 tengu warriors
  13 deep elf knights
  2 sixfirhies (Abyss:2)
  A wretched star (Abyss:2)
  The ghost of ciphuk the Martial Artist, a novice OpBe of Trog (D:7)
  5 deep elf archers
  5 wizards (Volcano)
  2 unseen horrors
  4 orc knights
  6 sea snakes
  A lindwurm (Lair:6)
  11 harpies
  38 deep elf magi
  6 cyclopes
  6 manticores
  4 orc sorcerers
  2 ugly things
  A worldbinder (Abyss:2)
  9 fauns
  4 merfolk sirens
  5 toenail golems (Volcano)
  4 black mambas
  7 water nymphs
  3 molten gargoyles (Lair:6)
  2 smoke demons (Abyss:2)
  9 spiny frogs
  A spiny frog (shapeshifter) (D:13)
  2 gargoyles
  2 yaktaurs
  3 kobold demonologists
  3 rime drakes
  A komodo dragon (shapeshifter) (D:13)
  7 komodo dragons
  A freezing wraith (Abyss:2)
  An ancient zyme (Abyss:2)
  A queen bee (Lair:3)
  11 merfolk
  A polar bear (Lair:5)
  A hornet (D:12)
  3 meliai (D:13)
  9 trolls
  A jumping spider (Lair:3)
  3 wind drakes
  5 dream sheep
  5 large abominations (Abyss:2)
  7 slime creatures (D:15)
  10 blink frogs
  18 hippogriffs
  7 snapping turtles
  3 air elementals
  A spriggan (shapeshifter) (D:15)
  A ynoxinul (Abyss:2)
  3 fire bats (Abyss:2)
  3 vampires
  A wraith (D:13)
  8 water elementals
  33 yaks
  7 wyverns
  Grum (D:8)
  5 basilisks
  2 fire elementals
  4 hungry ghosts
  7 small abominations (Abyss:2)
  3 steam dragons
  4 vampire mosquitoes
  3 wargs
  20 soldier ants (D:11)
  An acid dragon (D:11)
  4 hell hounds (Lair:6)
  12 water moccasins
  10 porcupines
  36 orc warriors
  2 sky beasts
  A black bear (D:7)
  A phantom (D:7)
  2 ice beasts
  An eye of draining (Abyss:2)
  20 wolves
  26 ogres
  11 centaurs
  11 crocodiles
  2 big kobolds
  14 bullfrogs
  A gnoll sergeant (D:8)
  2 earth elementals (Elf:1)
  A wyvern skeleton (D:7)
  4 scorpions
  A water moccasin skeleton (D:8)
  35 killer bees
  11 wights
  A crimson imp (D:6)
  5 lava snakes (Lair:6)
  A howler monkey (D:9)
  A centaur zombie (D:11)
  3 quasits
  4 centaur skeletons
  22 orc priests
  2 jellies
  6 hounds
  22 orc wizards
  A bullfrog skeleton (D:10)
  3 iguanas
  34 worker ants
  2 hound zombies (D:10)
  A spectral worker ant (D:7)
  A hound skeleton (D:6)
  A worker ant zombie (D:7)
  4 gnolls (D:8)
  17 adders
  2 shadow imps (D:5)
  2 oozes
  5 worms
  3 dart slugs
  3 leopard geckos
  97 orcs
  4 bats
  15 giant cockroaches
  8 goblins
  7 hobgoblins
  4 jackals (D:1)
  3 quokkas
  3 frilled lizards
  18 kobolds
  A leopard gecko zombie (D:8)
  A quokka zombie (D:4)
  8 rats
  2 bushes (Shoals:2)
  6 fungi
  9 plants
  A tentacle (Shoals:3)
976 creatures vanquished.

Vanquished Creatures (others)
  A harpy (Shoals:4)
  A deep elf mage (Elf:1)
  2 fungi (Orc:2)
  7 plants
  2 starspawn tentacles (Abyss:2)
  5 tentacles (Shoals:3)
18 creatures vanquished.

Grand Total: 994 creatures vanquished

Notes
Turn   | Place    | Note
-------+----------+-------------------------------------------
     0 | D:1      | Elellon the Hill Orc Fighter began the quest for the Orb.
     0 | D:1      | Reached XP level 1. HP: 19/19 MP: 1/1
    24 | D:1      | Reached skill level 3 in Axes
    28 | D:1      | Reached XP level 2. HP: 23/26 MP: 2/2
    56 | D:1      | Reached skill level 4 in Axes
   114 | D:1      | Reached XP level 3. HP: 27/31 MP: 3/3
   242 | D:1      | Reached skill level 5 in Axes
   767 | D:2      | Reached skill level 6 in Axes
   767 | D:2      | Reached XP level 4. HP: 32/39 MP: 4/4
  1082 | D:2      | Reached XP level 5. HP: 41/45 MP: 5/5
  1177 | D:2      | Found a glowing golden altar of the Shining One.
  1391 | D:3      | Found a glowing silver altar of Zin.
  1392 | D:3      | Found a blossoming altar of Fedhas.
  1392 | D:3      | Found a stormy altar of Qazlal.
  1421 | D:3      | Found a burning altar of Makhleb.
  1467 | D:3      | Reached skill level 7 in Axes
  1800 | D:3      | You fall into a shaft and drop 1 floor!
  1817 | D:4      | Noticed an ogre
  1823 | D:4      | HP: 2/45 [ogre/+0 giant spiked club (23)]
  1824 | D:4      | Killed an ogre
  1824 | D:4      | Reached skill level 8 in Axes
  1824 | D:4      | Reached XP level 6. HP: 3/51 MP: 6/6
  2109 | D:4      | Found a staircase to the Ecumenical Temple.
  2326 | D:4      | Got an encrusted chain mail
  2345 | D:4      | Identified the +8 chain mail of Kugoel {MR+} (You found it
                  | on level 4 of the Dungeon)
  2492 | D:4      | Reached skill level 9 in Axes
  2735 | D:4      | Found an iron altar of Okawaru.
  2935 | D:4      | Became a worshipper of Warmaster Okawaru
  2963 | D:5      | Entered Level 5 of the Dungeon
  2967 | D:5      | Reached XP level 7. HP: 57/57 MP: 7/7
  3187 | D:5      | Reached skill level 10 in Axes
  3404 | D:5      | Found a shadowy altar of Dithmenos.
  3442 | D:5      | Reached * piety under Okawaru
  3442 | D:5      | Reached skill level 11 in Axes
  3619 | D:5      | Found Qezo's Magic Scroll Shoppe.
  3622 | D:5      | Bought a scroll of noise for 15 gold pieces
  3622 | D:5      | Bought a scroll of identify for 30 gold pieces
  3653 | D:5      | Found a shimmering blue altar of Sif Muna.
  3771 | D:5      | Reached XP level 8. HP: 55/64 MP: 8/8
  4068 | D:6      | Reached skill level 12 in Axes
  4625 | D:6      | Found a radiant altar of Vehumet.
  5044 | D:7      | Reached ** piety under Okawaru
  5105 | D:7      | Reached XP level 9. HP: 48/73 MP: 9/9
  5244 | D:7      | Reached skill level 5 in Fighting
  5277 | D:7      | Reached skill level 13 in Axes
  5449 | D:7      | Reached skill level 5 in Armour
  5449 | D:7      | Reached skill level 5 in Shields
  5897 | D:7      | Found a transporter.
  5897 | D:7      | Noticed ciphuk's ghost (novice OpBe)
  5900 | D:7      | Found a transporter.
  6412 | D:8      | Reached *** piety under Okawaru
  6477 | D:8      | Got an encrusted war axe
  6477 | D:8      | Identified the +5 war axe of the Crawling Thing {freeze,
                  | Int+5} (You found it on level 8 of the Dungeon)
  6489 | D:8      | Noticed Grum
  6491 | D:8      | Reached skill level 14 in Axes
  6508 | D:8      | Killed Grum
  6508 | D:8      | Reached XP level 10. HP: 57/84 MP: 10/10
  6812 | D:8      | Reached **** piety under Okawaru
  7209 | D:9      | Found a snail-covered altar of Cheibriados.
  7295 | D:9      | Found a staircase to the Lair.
  7298 | D:9      | Noticed a two-headed ogre
  7307 | D:9      | Killed a two-headed ogre
  7307 | D:9      | Reached skill level 15 in Axes
  7681 | D:9      | Got a fine flail
  7845 | D:9      | Identified the +7 flail of Triumph {protect, Str+2 Int+3
                  | Dex+3} (You found it on level 9 of the Dungeon)
  7848 | D:10     | Entered Level 10 of the Dungeon
  7946 | D:10     | Reached ***** piety under Okawaru
  8079 | D:10     | Reached XP level 11. HP: 83/94 MP: 11/11
  8708 | D:10     | Noticed a tengu warrior
  8718 | D:10     | Killed a tengu warrior
  9144 | D:10     | Received a gift from Okawaru
  9144 | D:10     | Reached skill level 16 in Axes
  9878 | D:11     | Noticed a queen ant
  9897 | D:11     | Killed a queen ant
  9897 | D:11     | Reached skill level 10 in Fighting
 10291 | D:12     | Reached XP level 12. HP: 84/106 MP: 12/12
 10372 | D:12     | Found a hide-covered altar of Uskayaw.
 10578 | D:12     | Reached ****** piety under Okawaru
 10645 | D:12     | Found a staircase to the Orcish Mines.
 10971 | D:13     | Reached skill level 10 in Shields
 10976 | D:13     | Reached skill level 10 in Armour
 10990 | D:13     | Received a gift from Okawaru
 10991 | D:13     | Got a slimy hand axe {god gift}
 10992 | D:13     | Identified the +9 hand axe of Okawaru's Esteem {antimagic,
                  | *Corrode rF+ rN+ Str+4} (Okawaru gifted it to you on level
                  | 13 of the Dungeon)
 11126 | D:13     | Reached skill level 1 in Maces & Flails
 11155 | D:13     | Noticed an anaconda
 11160 | D:13     | Killed an anaconda
 11232 | D:13     | Found a gate to the Vaults.
 11289 | D:13     | Noticed a centaur warrior
 11302 | D:13     | Killed a centaur warrior
 11652 | D:13     | Noticed a centaur warrior
 12035 | D:13     | Received a gift from Okawaru
 12040 | D:13     | Killed a centaur warrior
 12144 | D:13     | Reached XP level 13. HP: 85/117 MP: 13/13
 12529 | D:14     | Noticed a frost giant
 12530 | D:14     | Noticed an ettin
 12559 | D:14     | Noticed a yaktaur captain
 12579 | D:14     | Killed a yaktaur captain
 12656 | D:14     | Received a gift from Okawaru
 12732 | D:14     | Noticed a yaktaur captain
 12769 | D:14     | Killed a frost giant
 12807 | D:14     | Killed a yaktaur captain
 13074 | D:14     | Killed an ettin
 13198 | D:14     | Got a shimmering wooden ring
 13413 | D:5      | Bought a scroll of immolation for 52 gold pieces
 13413 | D:5      | Bought a scroll of teleportation for 45 gold pieces
 13413 | D:5      | Bought a scroll of identify for 30 gold pieces
 13413 | D:5      | Bought a scroll of identify for 30 gold pieces
 13413 | D:5      | Identified the ring of the Secret Princes {Str+5 Dex+4
                  | SInv} (You found it on level 14 of the Dungeon)
 13536 | D:7      | Killed ciphuk's ghost
 13536 | D:7      | Reached skill level 17 in Axes
 13675 | Lair:1   | Entered Level 1 of the Lair of Beasts
 13719 | Lair:1   | Received a gift from Okawaru
 14923 | Lair:2   | Found a runed translucent gate.
 14923 | Lair:2   | Found a runed translucent gate.
 14924 | Lair:2   | Found a runed translucent gate.
 14928 | Lair:2   | Noticed Loxlax's ghost (journeyman HuFi)
 14928 | Lair:2   | Noticed a minotaur
 15472 | Lair:3   | Found a staircase to the Shoals.
 15494 | Lair:3   | Found a hole to the Spider Nest.
 15506 | Lair:3   | Received a gift from Okawaru
 15718 | Lair:3   | Found a dark tunnel.
 15778 | Volcano  | Entered a volcano
 15790 | Volcano  | Reached XP level 14. HP: 114/129 MP: 14/14
 16206 | Lair:3   | Got a transparent hand axe {god gift}
 16206 | Lair:3   | Identified the +2 hand axe of the Puffball {vamp, MR+}
                  | (Okawaru gifted it to you on level 3 of the Lair of Beasts)
 16274 | Lair:3   | Received a gift from Okawaru
 17098 | Lair:4   | Reached skill level 18 in Axes
 17783 | Lair:5   | Received a gift from Okawaru
 18080 | Lair:6   | Entered Level 6 of the Lair of Beasts
 18707 | Lair:6   | Found a staircase to the Slime Pits.
 18711 | Lair:6   | Found a viscous altar of Jiyva.
 19199 | Lair:6   | Reached XP level 15. HP: 112/138 MP: 15/15
 19229 | Lair:6   | Found a large runed translucent door.
 19229 | Lair:6   | Found a large runed translucent door.
 19566 | Lair:2   | Killed Loxlax's ghost
 19705 | D:14     | Found a roughly hewn altar of Beogh.
 20258 | D:15     | Entered Level 15 of the Dungeon
 20643 | D:15     | Received a gift from Okawaru
 20658 | D:15     | Found Igriffi's General Store.
 20751 | D:15     | Reached skill level 15 in Fighting
 20876 | D:15     | Found a staircase to the Depths.
 21045 | Orc:1    | Entered Level 1 of the Orcish Mines
 21107 | Orc:1    | Paralysed by an orc sorcerer for 6 turns
 21197 | Orc:1    | Reached skill level 19 in Axes
 21272 | Orc:1    | Found a roughly hewn altar of Beogh.
 21272 | Orc:1    | Noticed Harold
 21278 | Orc:1    | Killed Harold
 21559 | Orc:1    | Found a runed translucent door.
 21559 | Orc:1    | Noticed Tecwutamp's ghost (journeyman NaEn)
 21587 | Orc:1    | Killed Tecwutamp's ghost
 21652 | Orc:2    | Entered Level 2 of the Orcish Mines
 21696 | Orc:2    | Noticed an orc warlord
 21710 | Orc:2    | Killed an orc warlord
 21776 | Orc:2    | Found Imoumid's Book Shoppe.
 21800 | Orc:2    | Found a radiant altar of Vehumet.
 22034 | Orc:2    | Found Paoc's General Store.
 22052 | Orc:2    | Bought a potion of curing for 45 gold pieces
 22197 | Orc:2    | Found Hitofosose's Antique Weapon Emporium.
 22247 | Orc:2    | Found Toicw's Antique Armour Emporium.
 22257 | Orc:2    | Received a gift from Okawaru
 22435 | Orc:2    | Found a staircase to the Elven Halls.
 22520 | Orc:2    | Found a roughly hewn altar of Beogh.
 22824 | Elf:1    | Entered Level 1 of the Elven Halls
 23410 | Elf:1    | Cast into level 2 of the Abyss (a deep elf demonologist)
 23410 | Abyss:2  | Found a corrupted altar of Lugonu.
 23457 | Abyss:2  | Reached XP level 16. HP: 118/152 MP: 6/16
 23705 | Abyss:2  | Noticed a tentacled starspawn
 23709 | Abyss:2  | Killed a tentacled starspawn
 23709 | Abyss:2  | Received a gift from Okawaru
 23914 | Abyss:2  | Gained mutation: Your muscles are strong. (Str +2) [a
                  | neqoxec]
 23917 | Elf:1    | Escaped the Abyss
 23926 | Elf:1    | Noticed a Tzitzimitl
 25061 | Elf:2    | Reached skill level 20 in Axes
 25333 | Elf:2    | Reached skill level 15 in Shields
 25468 | Elf:2    | Found Juragref's Jewellery Boutique.
 25552 | Elf:2    | Identified 3 scrolls of acquirement
 25553 | Elf:2    | Got a jasper-encrusted plate armour
 25554 | Elf:2    | Identified the +1 plate armour of the Old World {rC+ MR+}
                  | (You acquired it on level 2 of the Elven Halls)
 25803 | Elf:2    | Received a gift from Okawaru
 25803 | Elf:2    | Reached skill level 15 in Armour
 26048 | Elf:2    | Found a runed translucent gate.
 26048 | Elf:2    | Found a runed translucent gate.
 26048 | Elf:2    | Found a runed translucent gate.
 26280 | Elf:2    | Reached XP level 17. HP: 148/166 MP: 17/17
 26803 | Elf:2    | Bought an uncursed ring of flight for 245 gold pieces
 27096 | Shoals:1 | Entered Level 1 of the Shoals
 27301 | Shoals:1 | Found Eikleykku's Eclectic Emporium.
 27326 | Shoals:1 | Received a gift from Okawaru
 28918 | Shoals:2 | Found a runed translucent door.
 28918 | Shoals:2 | Noticed Yramykigh's ghost (journeyman HOFi)
 28941 | Shoals:2 | Killed Yramykigh's ghost
 29322 | Shoals:3 | Reached skill level 21 in Axes
 29564 | Shoals:3 | Noticed a kraken
 30717 | Shoals:4 | Entered Level 4 of the Shoals
 30744 | Shoals:4 | Noticed Aizul
 30765 | Shoals:4 | HP: 2/168 [Aizul/bolt of poison (17)]
 30766 | Shoals:3 | Succumbed to Aizul's bolt of poison

Levels and vault maps discovered:
D:1:      minmay_arrival_up_and_down, layout_loops_ring,
          kennysheep_small_spiral, minmay_worlds_worst_comb
D:2:      layout_rooms, tso_metal_star
D:3:      layout_rooms, chequers_temple_overflow_statue_of_worship,
          first_ration, chequers_serial_rivers_micro_c,
          minmay_misc_feat_enclosed, bloody_makhleb
D:4:      layout_rooms, temple_fountains, serial_glass, glass_columns_b,
          glass_columns_a, item_on_display_a, okawaru_metal_pillars_3
D:5:      layout_loops_corners, lemuel_doored_altar, kennysheep_mini,
          serial_shops, nicolae_shop_behind_doors
D:6:      layout_loops_ring, vehumet_altar_wand_db, minmay_misc_feat_five
D:7:      layout_loops_ring, gammafunk_ghost_mausoleum
D:8:      layout_basic, uniq_grum
D:9:      layout_basic, slow_altar_1, lair_entry_dummy
D:10:     layout_roguey, grunt_tengu_nest, minmay_puff
D:11:     layout_cave_pools, minivault_29
D:12:     layout_rooms, orc_0_dummy, basic_altar, serial_glass, glass_columns_c,
          glass_columns_b
D:13:     layout_loops_corners, david_vaults_4
D:14:     layout_loops_ring, special_room [special_room_orc],
          kennysheep_decorative_pillar, minmay_diamond_spiral
D:15:     grunt_enter_depths_snipers, layout_gridville, serial_shops,
          nicolae_shop_window_shopping, special_room [special_room_orc],
          minmay_misc_feat_encased
Lair:1:   layout_gridlike, grunt_megastairs_4
Lair:2:   layout_gridlike, maelrawn_ghost_gauntlet_escape, minivault_23
Lair:3:   regret_index_harrowing_hell_hive, layout_regular_city,
          minmay_shoals_entry_centaurs, spider_nest_entry_rubble,
          lightli_volcano_entry_magma_tube
Lair:4:   layout_cave_shapes, minmay_lair_oklob_items,
          infiniplex_staircase_pool_2, lemuel_fruit_tree
Lair:5:   layout_hall_layers, serial_bayou_shore_a, grunt_megastairs_3,
          serial_bayou_shore_b
Lair:6:   cheibrodos_lair_end_hotspot, layout_cave_pods, slime_altar_1
Shoals:1: layout_shoals, nicolae_alphabet_shops
Shoals:2: layout_shoals, ebering_ghost_inner_flame, yaktaur_hedge
Shoals:3: layout_shoals
Shoals:4: shoals_end_grunt_garden, layout_shoals,
          portal_ice_cave_entry_pillars_four,
          nicolae_shoals_arrival_archipelago, uniq_aizul
Orc:1:    layout_diamond_mine, basic_altar, ebering_ghost_reflecting_pool,
          uniq_harold
Orc:2:    grunt_orc_gardens, layout_diamond_mine, grunt_orc_garden,
          grunt_orc_garden, grunt_orc_garden, grunt_orc_garden, basic_altar,
          nicolae_orc_lava_tube, minmay_orc_temple_b
Elf:1:    elf_arrival_001, layout_geoelf_octagon, minivault_28,
          minmay_strange_pillars, grunt_megastairs_5
Elf:2:    layout_gridlike, serial_shops, shop

Skill      XL: |  1  2  3  4  5  6  7  8  9 10 11 12 13 14 15 16 17 |
---------------+----------------------------------------------------+-----
Axes           | 3 4 6 8 9 11 12 14 15 16 17 18 19 20 21 | 21.1
Fighting       | 4 6 8 10 11 13 14 16 18 19 | 19.4
Armour         | 4 6 7 9 10 12 13 14 15 16 | 16.1
Shields        | 4 6 7 9 10 12 13 14 15 16 | 16.2
Maces & Flails | 3 4 |  4.7

Action                   |  1- 3 |  4- 6 |  7- 9 | 10-12 | 13-15 | 16-18 || total
-------------------------+-------+-------+-------+-------+-------+-------++-------
Melee: War axe           |   106 |   145 |   505 |   550 |    47 |       ||  1353
       Broad axe         |       |       |       |     5 |   910 |   743 ||  1658
Throw: Dart              |       |       |       |     1 |       |     2 ||     3
Invok: Heroism           |       |       |     2 |     5 |     2 |     3 ||    12
 Abil: Evoke Flight      |       |       |       |       |       |     9 ||     9
  Use: Scroll            |       |       |     3 |     6 |    12 |    13 ||    34
       Potion            |       |       |     3 |       |       |     4 ||     7
  Eat: Chunk             |       |     7 |    12 |    20 |    30 |     9 ||    78
       Ration            |       |       |       |       |     2 |     5 ||     7
Armor: Scale mail        |    49 |    41 |       |       |       |       ||    90
       Chain mail        |       |    13 |   290 |   219 |   280 |   217 ||  1019
Dodge: Dodged            |    40 |    37 |    87 |   112 |   156 |    70 ||   502
Block: Shield            |    50 |    52 |   211 |   271 |   256 |       ||   840
       Large shield      |       |       |       |       |   357 |   704 ||  1061
